 Dungeon Crawl Stone Soup version 0.27-a0-1434-g6f15984924 (webtiles) character file.

Game seed: 8377578050224874495

2 flotson the Sneak (level 1, -2/19 HPs)
             Began as a Draconian Delver on July 3, 2021.
             Frozen to death by an endoplasm (5 damage)
             ... on level 4 of the Dungeon.
             The game lasted 00:01:08 (78 turns).

flotson the Sneak (Draconian Delver)                  Turns: 78, Time: 00:01:08

Health: -2/19      AC:  4    Str: 14    XL:     1   Next: 25%
Magic:  1/1        EV: 11    Int: 10    God:
Gold:   0          SH:  3    Dex: 12    Spells: 0/0 levels left

rFire    . . .     SeeInvis .   a - +0 hand axe
rCold    . . .     Faith    .   c - +0 buckler
rNeg     . . .     Spirit   .   (armour unavailable)
rPois    .         Reflect  .   (helmet restricted)
rElec    .         Harm     .   (no cloak)
rCorr    .         Rampage  .   (no gloves)
Will     .....                  (no boots)
Stlth    +++.......             (no amulet)
HPRegen  0.06/turn              (no ring)
MPRegen  0.07/turn              (no ring)

@: no status effects
A: AC +4, unfitting armour, cold-blooded
a: no special abilities


You were on level 4 of the Dungeon.
You visited 1 branch of the dungeon, and saw 2 of its levels.

Inventory:

Hand Weapons
 a - a +0 hand axe (weapon)
Armour
 c - a +0 buckler (worn)
Wands
 f - a wand of digging (3)
Scrolls
 b - a scroll of fog
Potions
 d - a potion of invisibility {unknown}


   Skills:
 + Level 3.3 Fighting
 + Level 2.0 Axes
 + Level 1.8 Dodging
 - Level 4.5 Stealth
 + Level 0.1 Evocations


You couldn't memorise any spells.
You didn't know any spells.
Your spell library contained the following spells:

 Spells                   Type           Power      Damage    Failure   Level
 Dazzling Flash           Conj/Hex       0%         N/A       88%         3
 Iskenderun's Mystic Bla  Conj/Tloc      0%         2d3       99%         4
 Starburst                Conj/Fire      0%         8x6d3     100%        6


Dungeon Overview and Level Annotations

Branches:
Dungeon (5/15)
 Temple: D:4-7

Altars:


Innate Abilities, Weirdness & Mutations

Your plain brown scales are hard. (AC +4)
You cannot fit into any form of body armour.
You are cold-blooded and may be slowed by cold attacks.


Message History

Found a buckler and a chain mail.
The hobgoblin shouts!
Found a book of Frost.
A ball python comes into view.
The ball python hisses angrily.
You hit the hobgoblin. You tail-slap the hobgoblin.
You kill the hobgoblin!
You see here a hobgoblin corpse.
You closely miss the ball python. The ball python bites you.
The ball python grabs you. The ball python constricts you.
You hit the ball python.
Your tail-slap misses the ball python.
The ball python is moderately wounded.
The ball python barely misses you. The ball python constricts you.
You barely miss the ball python. You tail-slap the ball python.
You kill the ball python!
You see here a ball python corpse.
The worm bites you!
* * * LOW HITPOINT WARNING * * *
You see here a +0 buckler.
You start putting on your armour.
You continue putting on your +0 buckler.
Your extra speed is starting to run out.
You continue putting on your +0 buckler. x3
You finish putting on your +0 buckler.
Found 17 stones.
You aren't carrying any potions.
Unknown command.
You feel yourself slow down.
Found a stone staircase leading down.
Found an inky potion.
Found 26 stones.
An endoplasm comes into view.
You see here an inky potion.
d - an inky potion The endoplasm quivers.
Sorry, you're not good enough to have a special ability.
Unknown command.
The endoplasm freezes you.
You are frozen.
You die...

#>..............#
#...###.[.......###
#.......w.......††.
#(.w#######+#######
#####.# #.....#
#.....# #.....#
#...@.# #...J.#
#..(..+ #.....#
####..# #..# #..#
#..#


You could see a worm and an endoplasm.

Vanquished Creatures
  A hobgoblin (D:4)
  A ball python (D:4)
2 creatures vanquished.

Notes
Turn   | Place    | Note
-------+----------+-------------------------------------------
     0 | D:5      | flotson the Draconian Delver began the quest for the Orb.
     0 | D:5      | Reached XP level 1. HP: 19/19 MP: 1/1
    15 | D:5      | Noticed an orc wizard
    15 | D:5      | Noticed an orc priest
    78 | D:4      | Frozen to death by an endoplasm

Illustrated notes

Levels and vault maps discovered:
D:4:      layout_basic, nicolae_specific_store, minmay_door_square,
          hangedman_decor_riveting, kennysheep_another_room,
          chequers_serial_rivers_large_b, uniq_pikel
D:5:      layout_gridville, kennysheep_mini_moat,
          nicolae_yredelemnul_corpse_copse

Action                   || total
-------------------------++-------
Melee: Hand axe          ||     4
       Tailslap          ||     2
  Use: Scroll            ||     2
       Potion            ||     1
Dodge: Dodged            ||     2

Table legend: (Time is in decaauts)
 A = Elapsed time spent in this place.
 B = Non-inter-level travel time spent in this place.
 C = Inter-level travel time spent in this place.
 D = Time resting spent in this place.
 E = Time spent auto-exploring this place.
 F = Levels seen in this place.
 G = Mean time per level.
                   A        B        C        D        E       F      G
               +--------+--------+--------+--------+--------+-----+--------+
         Total |     61 |     61 |      0 |      0 |     14 |   2 |   30.5 |
       Dungeon |     61 |     61 |      0 |      0 |     14 |   2 |   30.5 |
               +--------+--------+--------+--------+--------+-----+--------+

Top non-repeatable levels by time:
     D:4: 33 daAuts
     D:5: 28 daAuts
